 Dungeon Crawl Stone Soup version 0.19.0-9-gfd783f2 (webtiles) character file.

1705 Monsterracer the Basher (level 8, -1/59 HPs)
             Began as a Minotaur Fighter on Nov 7, 2016.
             Was a Believer of Hepliaklqana.
             Hit by a tomahawk thrown by an orc warrior (7 damage)
             ... on level 7 of the Dungeon.
             The game lasted 00:18:02 (4981 turns).

Monsterracer the Basher (Minotaur Fighter)          Turns: 4981, Time: 00:18:03

Health: -1/59      AC: 12    Str: 22    XL:     8   Next: 73%
Magic:  7/7        EV:  5    Int:  5    God:    Hepliaklqana [**....]
Gold:   307        SH: 10    Dex: 11    Spells: 0 memorised, 7 levels left

rFire  . . .     SeeInvis .     a - +1 flail
rCold  + + .     Gourm    .     g - +0 chain mail
rNeg   . . .     Faith    .     h - +1 shield {rC+}
rPois  .         Spirit   .     (helmet restricted)
rElec  .         Reflect  .     s - +0 cloak
rCorr  .         Harm     .     k - +0 pair of gloves
MR     .....                    (no boots)
Stlth  ..........               (no amulet)
                                r - ring of flight
                                j - ring of protection from cold

@: no status effects
A: retaliatory headbutt, reduced essence, horns 2
a: Recall Ancestor, Ancestor Identity, Renounce Religion, Evoke Flight


You were on level 7 of the Dungeon.
You worshipped Hepliaklqana.
Hepliaklqana was pleased with you.
You were not hungry.

You visited 1 branch of the dungeon, and saw 7 of its levels.

You collected 307 gold pieces.

Inventory:

Hand Weapons
 a - a +1 flail (weapon)
Armour
 b - a +0 leather armour
 g - a +0 chain mail (worn)
 h - a +1 shield of cold resistance (worn)
 k - a +0 pair of gloves (worn)
 s - a +0 cloak (worn)
Jewellery
 j - a ring of protection from cold (left hand)
 r - a ring of flight (right hand)
Scrolls
 e - 3 scrolls of identify
 n - 3 scrolls of amnesia
 p - a scroll of enchant armour
 t - a scroll of teleportation
 u - a scroll of recharging
Potions
 c - a potion of haste
 d - 2 potions of might
 m - 3 potions of curing
Comestibles
 f - 7 bread rations
 i - 2 meat rations
 l - 4 slices of pizza
 o - a royal jelly
 q - a chunk of flesh


   Skills:
 + Level 4.2 Fighting
 * Level 12.5 Maces & Flails
 + Level 4.4 Armour
 + Level 4.3 Shields


You had 7 spell levels left.
You didn't know any spells.

Dungeon Overview and Level Annotations

Branches:
Dungeon (7/15)
 Temple: D:4-7

Altars:
Hepliaklqana
Yredelemnul
Zin
The Shining One


Innate Abilities, Weirdness & Mutations

You reflexively headbutt those who attack you in melee.
You have a pair of horns on your head.
Your life essence is reduced. (-10% HP)


Message History

The orc warrior hits you with a scimitar.
* * * LOW HITPOINT WARNING * * *
The orc priest hits you from afar with a trident.
* * * LOW HITPOINT WARNING * * *
You swap places.
The orc warrior throws a tomahawk.
The tomahawk barely misses Yap.
You block the tomahawk.
Yap hits the orc warrior but does no damage.
You see here a tomahawk.
The orc warrior barely misses Yap.
Yap hits the orc warrior but does no damage.
Yap closely misses the orc warrior.
The orc warrior hits Yap with a scimitar!!
Yap hits the orc warrior with a dagger of draining.
The orc warrior barely misses Yap.
Yap hits the orc warrior with a dagger of draining.
Yap drains the orc warrior!
The orc warrior hits Yap with a scimitar!
Yap is destroyed!
The orc warrior throws a tomahawk.
The tomahawk hits you!
You die... ###.. + .... .# oo#

..#
#o#######..#
#)#........#
#(#.<......#
#.#........#
#.##...##..#
#@##.†.# #
#......#
#......#
#......#
#.####+# ###


You could see an orc warrior, an orc priest and an orc.

Vanquished Creatures
  A human (D:5)
  An orc warrior (D:6)
  2 ogres
  A black bear (D:5)
  A sky beast (D:5)
  A centaur (D:6)
  A bullfrog (D:6)
  A scorpion (D:6)
  2 wights (D:6)
  2 crimson imps (D:5)
  A hound (D:5)
  A jelly (D:6)
  A centaur skeleton (D:6)
  3 orc priests
  An iguana (D:6)
  An orc wizard (D:6)
  4 worker ants
  A hound skeleton (D:6)
  3 worker ant zombies (D:6)
  3 gnolls (D:6)
  7 adders
  A shadow imp (D:5)
  2 adder zombies
  2 adder skeletons (D:6)
  4 worms
  3 dart slugs
  6 leopard geckos
  11 orcs
  2 giant cockroaches (D:2)
  8 goblins
  6 hobgoblins
  6 jackals
  9 kobolds
  3 quokkas
  3 bats
  5 frilled lizards
  A goblin zombie (D:5)
  A jackal skeleton (D:6)
  A leopard gecko zombie (D:5)
  6 rats
119 creatures vanquished.

Vanquished Creatures (collateral kills)
  A wight (D:6)
  A hound (D:4)
  An orc priest (D:6)
  2 worker ants
  A gnoll (D:6)
  2 howler monkey skeletons
  An orc (D:6)
  A jackal skeleton (D:4)
10 creatures vanquished.

Vanquished Creatures (others)
  A hexer (D:7)
  An ancestor (D:5)
2 creatures vanquished.

Grand Total: 131 creatures vanquished

Notes
Turn   | Place    | Note
-------+----------+-------------------------------------------
     0 | D:1      | Monsterracer the Minotaur Fighter began the quest for the Orb.
     0 | D:1      | Reached XP level 1. HP: 19/19 MP: 0/0
    41 | D:1      | Noticed an ogre
    41 | D:1      | Noticed an ogre
    44 | D:1      | Noticed an ogre
    47 | D:1      | Noticed an ogre
   197 | D:1      | Reached skill level 3 in Maces & Flails
   549 | D:1      | Reached XP level 2. HP: 26/26 MP: 1/1
  1063 | D:2      | Reached skill level 4 in Maces & Flails
  1063 | D:2      | Reached XP level 3. HP: 25/31 MP: 2/2
  1758 | D:3      | Reached skill level 5 in Maces & Flails
  1934 | D:3      | Reached XP level 4. HP: 39/39 MP: 3/3
  2236 | D:3      | Reached skill level 6 in Maces & Flails
  2236 | D:3      | Reached XP level 5. HP: 38/45 MP: 4/4
  2382 | D:4      | Found a glowing golden altar of the Shining One.
  2406 | D:4      | Found a glowing silver altar of Zin.
  2409 | D:4      | Found a hazy altar of Hepliaklqana.
  2430 | D:4      | Became a worshipper of Hepliaklqana the Forgotten
  2597 | D:4      | Reached skill level 7 in Maces & Flails
  2682 | D:4      | Noticed an ogre
  2691 | D:4      | Killed an ogre
  2691 | D:4      | Reached XP level 6. HP: 42/45 MP: 5/5
  2818 | D:4      | Reached skill level 8 in Maces & Flails
  2842 | D:5      | Entered Level 5 of the Dungeon
  3039 | D:5      | Reached skill level 9 in Maces & Flails
  3167 | D:5      | Reached * piety under Hepliaklqana
  3174 | D:5      | Reached XP level 7. HP: 49/51 MP: 6/6
  3213 | D:5      | Found a runed door.
  3213 | D:5      | Noticed a human
  3219 | D:5      | Found a basalt altar of Yredelemnul.
  3240 | D:5      | Killed a human
  3240 | D:5      | Reached skill level 10 in Maces & Flails
  3613 | D:6      | Reached skill level 11 in Maces & Flails
  3697 | D:6      | Reached XP level 8. HP: 38/57 MP: 7/7
  4084 | D:6      | Reached ** piety under Hepliaklqana
  4121 | D:6      | Reached skill level 12 in Maces & Flails
  4964 | D:7      | Remembered your ancestor Yap as a hexer
  4973 | D:7      | HP: 2/59 [orc priest/divine providence (15)]
  4981 | D:7      | Hit by a tomahawk thrown by an orc warrior

Skill      XL: |  1  2  3  4  5  6  7  8 |
---------------+-------------------------+-----
Maces & Flails | 3 4 5 6 7 9 11 12 | 12.5
Armour         | 4 |  4.4
Fighting       | 4 |  4.2
Shields        | 4 |  4.3

Action                   |  1- 3 |  4- 6 |  7- 9 || total
-------------------------+-------+-------+-------++-------
Melee: Flail             |   104 |    84 |   177 ||   365
       Headbutt          |    12 |    23 |    29 ||    64
Invok: Recall Ancestor   |       |     3 |       ||     3
       Ancestor Identity |       |     1 |       ||     1
       Ancestor Life: He |       |       |     1 ||     1
  Use: Potion            |     3 |     2 |     1 ||     6
       Scroll            |     5 |     4 |     3 ||    12
  Eat: Chunk             |     3 |     4 |     6 ||    13
Armor: Chain mail        |    36 |    33 |    76 ||   145
       Scale mail        |     1 |       |       ||     1
Dodge: Dodged            |    16 |    11 |    25 ||    52
Block: Shield            |    48 |    40 |    83 ||   171
